[Event "Titled Tuesday Blitz October 25 Early 2022"]
[White "Seo, Jung Min"]
[Black "Sarana, Alexey"]
[WhiteFideId "1734687"]
[BlackFideId "24133795"]
[WhiteElo "2455"]
[BlackElo "2689"]
[Result "0-1"]
[Round "06"]
[TimeControl "180+1"]
[Date "2022.10.25"]
[WhiteClock "0:00:01"]
[BlackClock "0:00:10"]

1. e4 c5 2. Nf3 d6 3. d4 cxd4 4. Nxd4 Nf6 5. Nc3 a6 6. Be3 e5 7. Nb3 Be6 8. f3 Nbd7 9. Nd5 Nxd5 10. exd5 Bf5 11. Qd2 Be7 12. Be2 a5 13. a4 Bh4+ 14. g3 Bf6 15. O-O O-O 16. Bd3 Bh3 17. Rfe1 g6 18. Nc1 Bg7 19. c3 f5 20. Ne2 f4 21. gxf4 Qh4 22. Bf2 Qh5 23. Be4 Bh6 24. Kh1 exf4 25. Bd4 Bf5 26. Ng1 Rae8 27. Bxf5 Qxf5 28. b4 Qxd5 29. bxa5 Ne5 30. Qe2 Qxa5 31. Qb5 Qxb5 32. axb5 Nc4 33. Rxe8 Rxe8 34. Ra7 Re7 35. Ra8+ Kf7 36. Nh3 Ke6 37. Nf2 Bg5 38. Ne4 Bh4 39. Rc8 Na3 40. b6 Kd5 41. Bg1 Nc4 42. Rc7 Ne5 43. Kg2 Ke6 44. Rc8 Kd7 45. Rc7+ Kd8 46. Nxd6 Rxc7 47. bxc7+ Kxc7 48. Ne4 Be7 49. Bd4 Nd3 50. Kh3 Kc6 51. Kg2 Kd5 52. Bf6 Bf8 53. Bd4 h5 54. Kf1 b5 55. Ke2 Nc1+ 56. Kd1 Nb3 57. Bf2 Nc5 58. Nf6+ Ke6 59. Bxc5 Bxc5 60. Ne4 Be7 61. Ke2 g5 62. h3 Kf5 63. Kd3 g4 64. hxg4+ hxg4 65. fxg4+ Kxg4 66. Ke2 f3+ 67. Kf2 Kf4 68. Nd2 Bc5+ 69. Kf1 Ke3 70. Nb3 Bb6 71. Nc1 Kd2 72. Na2 Bc5 73. c4 bxc4 0-1


[Site "https://www.chess.com"]

[Event "Titled Tuesday Blitz October 25 Early 2022"]
[White "Shankland, Sam"]
[Black "Martinez Alcantara, Jose Eduardo"]
[WhiteFideId "2004887"]
[BlackFideId "3805662"]
[WhiteElo "2612"]
[BlackElo "2703"]
[Result "1-0"]
[Round "06"]
[TimeControl "180+1"]
[Date "2022.10.25"]
[WhiteClock "0:01:02"]
[BlackClock "0:00:28"]

1. d4 Nf6 2. c4 e6 3. Nc3 Bb4 4. Qc2 d6 5. Nf3 Nbd7 6. Bd2 b6 7. e4 Bb7 8. Bd3 e5 9. a3 Bxc3 10. Bxc3 Qe7 11. O-O-O O-O 12. Rhe1 Rfe8 13. h3 Nh5 14. g3 g6 15. Nh4 Ng7 16. Kb1 Ne6 17. d5 Nd4 18. Bxd4 exd4 19. f4 a6 20. Nf3 b5 21. cxb5 axb5 22. Qxc7 Ba6 23. e5 Rec8 24. exd6 Qd8 25. Qxd8+ Rxd8 26. Nxd4 Nc5 27. Bxb5 Rxd6 28. Bxa6 Raxa6 29. Nc6 Kg7 30. Ka2 Na4 31. Rd4 Raxc6 32. Rxa4 Rxd5 33. Re3 Rd2 34. Rb4 h6 35. h4 Kf6 36. Rb7 Ra6 37. Ree7 Kf5 38. Rxf7+ Kg4 39. Rb3 Rg2 40. Rg7 Rf6 41. a4 h5 42. Rb5 Rxg3 43. f5 Kxh4 44. Rxg6 Rgxg6 45. fxg6 Rxg6 46. a5 Kg4 47. Rb6 Rg8 48. b4 h4 49. Rh6 Kg5 50. Rh7 Re8 51. Kb3 Re3+ 52. Kc4 Re4+ 53. Kc5 Kg6 54. Rh8 Kg7 55. Rd8 h3 56. Rd1 Re5+ 57. Kd4 Re2 58. a6 Ra2 59. b5 h2 60. Kc5 Kf6 61. Kb6 Ke6 62. Rh1 Kd5 63. a7 Kc4 64. Rxh2 Rxh2 65. a8=Q Rh6+ 66. Qc6+ 1-0


[Site "https://www.chess.com"]

[Event "Titled Tuesday Blitz October 25 Early 2022"]
[White "Srbis, Jurica"]
[Black "Zhigalko, Sergei"]
[WhiteFideId "14515555"]
[BlackFideId "13502956"]
[WhiteElo "2481"]
[BlackElo "2662"]
[Result "0-1"]
[Round "06"]
[TimeControl "180+1"]
[Date "2022.10.25"]
[WhiteClock "0:00:44"]
[BlackClock "0:00:06"]

1. e4 c5 2. Nf3 Nc6 3. d4 cxd4 4. Nxd4 Nf6 5. Nc3 e5 6. Ndb5 d6 7. Bg5 a6 8. Na3 b5 9. Nd5 Be7 10. Bxf6 Bxf6 11. c4 b4 12. Nc2 O-O 13. g3 a5 14. b3 Bg5 15. Bg2 Ne7 16. O-O Nxd5 17. Qxd5 Be6 18. Qd3 Qb6 19. Rad1 Rfd8 20. Kh1 Bh6 21. f4 f6 22. Ne3 Kh8 23. Qe2 a4 24. Ng4 Bxg4 25. Qxg4 axb3 26. axb3 Ra2 27. fxe5 fxe5 28. Qh4 Raa8 29. Rf7 Qe3 30. Rf3 Qe2 31. Rfd3 Rf8 32. Rxd6 Ra2 33. Qh3 Bd2 34. Rg1 Be3 35. Rf1 Rxf1+ 36. Bxf1 Qf3+ 37. Qg2 Qxg2+ 38. Bxg2 Ra1+ 39. Bf1 Rxf1+ 40. Kg2 Rf2+ 41. Kh3 h6 42. c5 Bxc5 43. Rc6 Rc2 44. Kg4 Rc3 45. h4 Kh7 46. h5 Bd4 47. Ra6 Rxb3 48. Kf5 Rxg3 49. Re6 Rg5# 0-1


[Site "https://www.chess.com"]

[Event "Titled Tuesday Blitz October 25 Early 2022"]
[White "Svane, Frederik"]
[Black "Postny, Evgeny"]
[WhiteFideId "12923044"]
[BlackFideId "2804344"]
[WhiteElo "2466"]
[BlackElo "2473"]
[Result "0-1"]
[Round "06"]
[TimeControl "180+1"]
[Date "2022.10.25"]
[WhiteClock "0:00:05"]
[BlackClock "0:00:08"]

1. c4 e5 2. g3 f5 3. Bg2 Nf6 4. Nc3 g6 5. d4 e4 6. Nh3 Bg7 7. Bg5 O-O 8. e3 d6 9. Nf4 c6 10. h4 Qe8 11. h5 Na6 12. Qe2 Nc7 13. O-O-O Ne6 14. Bxf6 Nxf4 15. gxf4 Rxf6 16. f3 exf3 17. Bxf3 Be6 18. hxg6 hxg6 19. Rde1 Bf7 20. d5 Rc8 21. Kb1 b5 22. dxc6 bxc4 23. Bd5 Rxc6 24. Bxc6 Qxc6 25. e4 Re6 26. Qg2 fxe4 27. Nxe4 d5 28. Ng5 d4 29. Qh3 Rxe1+ 30. Rxe1 c3 31. Nxf7 Kxf7 32. Qd3 Qb6 33. Re2 Bf6 34. f5 g5 35. Qc4+ Kg7 36. Qd3 Kf7 37. Qc4+ Kg7 38. Kc1 Qd6 39. Qd3 Qf4+ 40. Kc2 Qb8 41. Kb1 Qb4 42. a3 Qb3 43. Rc2 Qb6 44. Re2 Qb3 45. Rc2 Qb6 46. Qe4 Qb5 47. Rh2 d3 48. Qe6 c2+ 49. Kc1 Qxb2+ 50. Kd2 c1=Q+ 51. Kxd3 Qcc3+ 52. Ke4 Qd4+ 53. Kf3 Qbc3+ 54. Kg2 Qg4+ 55. Kh1 Qc1+ 0-1


[Site "https://www.chess.com"]

[Event "Titled Tuesday Blitz October 25 Early 2022"]
[White "Svane, Rasmus"]
[Black "Matinian, Nikita"]
[WhiteFideId "4657101"]
[BlackFideId "24129100"]
[WhiteElo "2674"]
[BlackElo "2422"]
[Result "0-1"]
[Round "06"]
[TimeControl "180+1"]
[Date "2022.10.25"]
[WhiteClock "0:00:02"]
[BlackClock "0:00:15"]

1. Nf3 Nf6 2. g3 g6 3. Bg2 Bg7 4. O-O O-O 5. d4 d6 6. Re1 Ne4 7. Nbd2 Nxd2 8. Bxd2 Nc6 9. d5 Ne5 10. Nxe5 Bxe5 11. c3 Bd7 12. Be3 c5 13. f4 Bg7 14. Bf2 b5 15. e4 Rb8 16. e5 b4 17. c4 a5 18. b3 a4 19. Qd2 Ra8 20. Rab1 axb3 21. axb3 Ra3 22. Qc2 Qa5 23. Re2 Bg4 24. Ree1 Ra2 25. Rb2 Rxb2 26. Qxb2 Ra8 27. h3 Bf5 28. g4 Bd7 29. Qe2 Qa2 30. Qe3 Qb2 31. Re2 Qc3 32. Qe4 Qxb3 33. e6 Be8 34. exf7+ Bxf7 35. Qxe7 Qxc4 36. Re4 Qc1+ 37. Re1 Qxf4 38. Re4 Qf6 39. Qb7 Ra1+ 40. Bf1 h6 41. Qb8+ Kh7 42. g5 hxg5 43. h4 Qf3 44. Re3 Qd1 45. Qb5 gxh4 46. Rh3 g5 47. Kg2 Bxd5+ 48. Kg1 Be4 49. Qc4 Qg4+ 50. Kh2 Be5+ 0-1


[Site "https://www.chess.com"]

[Event "Titled Tuesday Blitz October 25 Early 2022"]
[White "Volkov, Maksim"]
[Black "Yuan, Qingyu"]
[WhiteFideId "54123070"]
[BlackFideId "8609772"]
[WhiteElo "2257"]
[BlackElo "2359"]
[Result "1-0"]
[Round "06"]
[TimeControl "180+1"]
[Date "2022.10.25"]
[WhiteClock "0:01:07"]
[BlackClock "0:00:25"]

1. d4 d5 2. c4 e6 3. Nf3 Nf6 4. g3 dxc4 5. Bg2 c5 6. O-O Nc6 7. dxc5 Qxd1 8. Rxd1 Bxc5 9. Nbd2 c3 10. bxc3 O-O 11. Nb3 Be7 12. Nfd4 Nxd4 13. cxd4 Nd5 14. Bd2 f5 15. f3 b6 16. e4 Nf6 17. Rac1 Bd7 18. d5 exd5 19. e5 Ne8 20. f4 Be6 21. Nd4 Kf7 22. Nxe6 Kxe6 23. Bxd5+ Kxd5 24. Bb4+ Ke4 25. Bxe7 Rf7 26. Kf2 b5 27. Rd2 Nf6 28. Re1# 1-0


[Site "https://www.chess.com"]

[Event "Titled Tuesday Blitz October 25 Early 2022"]
[White "Wieczorek, Oskar"]
[Black "Seliverstov, Vladimir"]
[WhiteFideId "1133950"]
[BlackFideId "4192036"]
[WhiteElo "2404"]
[BlackElo "2489"]
[Result "0-1"]
[Round "06"]
[TimeControl "180+1"]
[Date "2022.10.25"]
[WhiteClock "0:02:19"]
[BlackClock "0:02:02"]

1. e4 g6 2. d4 Bg7 3. Nf3 d6 4. Bc4 c6 5. Bb3 Qc7 6. O-O Nf6 7. Re1 O-O 8. e5 dxe5 9. dxe5 Nd5 10. h3 Na6 11. Qe2 Nc5 12. Nbd2 a5 13. a4 b6 14. Ne4 Nxb3 15. cxb3 Ba6 16. Qc2 Nb4 17. Qc3 Nd3 18. Re3 Nxe5 19. Nxe5 Bxe5 20. Qe1 Bg7 21. Bd2 Bxb2 22. Rb1 Bg7 23. Bc3 e5 24. Rc1 Rad8 25. Rf3 f5 26. Ng5 Qe7 27. Re3 Qxg5 0-1


[Site "https://www.chess.com"]

[Event "Titled Tuesday Blitz October 25 Early 2022"]
[White "Yeremyan, Alen"]
[Black "Fernandez Guillen, Ernesto J."]
[WhiteFideId "13308998"]
[BlackFideId "3512428"]
[WhiteElo "2159"]
[BlackElo "2422"]
[Result "0-1"]
[Round "06"]
[TimeControl "180+1"]
[Date "2022.10.25"]
[WhiteClock "0:00:03"]
[BlackClock "0:00:07"]

1. c4 e5 2. Nc3 Nc6 3. g3 g6 4. Bg2 Bg7 5. e3 f5 6. Nge2 Nf6 7. O-O O-O 8. d4 e4 9. a3 g5 10. b4 d6 11. b5 Ne7 12. c5 d5 13. f4 exf3 14. Bxf3 c6 15. a4 Ng6 16. Bd2 Ne4 17. Nxe4 fxe4 18. Bg2 Bg4 19. Rxf8+ Qxf8 20. bxc6 bxc6 21. Rb1 Qf7 22. Qe1 Rf8 23. Nc3 h5 24. Qf1 Bf3 25. Bxf3 exf3 26. Be1 g4 27. Bf2 Qf5 28. Rb7 Qc2 29. Nd1 Kh7 30. a5 Ne7 31. Rxe7 Rb8 32. e4 Rb1 33. exd5 Rxd1 34. Re1 Rxe1 35. Qxe1 cxd5 36. a6 Bxd4 37. Qe7+ Bg7 38. Qe6 Qb1+ 39. Qe1 Qc2 40. c6 Qxc6 41. Qb1+ Kg8 42. Qb8+ Bf8 43. Qb1 Qxa6 44. h4 Qe6 45. Qd3 Qe4 46. Qa6 Qb1+ 47. Kh2 Qe4 48. Qxa7 Qf5 49. Qd4 Bg7 50. Qc5 Kh7 51. Qb5 Qe4 52. Qf1 d4 53. Qc4 Qe2 54. Qxe2 fxe2 55. Be1 d3 56. Kg2 Bd4 0-1


[Site "https://www.chess.com"]

[Event "Titled Tuesday Blitz October 25 Early 2022"]
[White "Andreikin, Dmitry"]
[Black "Hambleton, Aman"]
[WhiteFideId "4158814"]
[BlackFideId "2606577"]
[WhiteElo "2736"]
[BlackElo "2538"]
[Result "1-0"]
[Round "07"]
[TimeControl "180+1"]
[Date "2022.10.25"]
[WhiteClock "0:00:03"]
[BlackClock "0:00:02"]

1. c4 c5 2. Nf3 b6 3. g3 Bb7 4. Bg2 Nf6 5. O-O e6 6. Nc3 a6 7. d4 cxd4 8. Qxd4 d6 9. Rd1 Nbd7 10. b3 Be7 11. Ba3 Nc5 12. b4 Ncd7 13. Nd2 Bxg2 14. Kxg2 O-O 15. Nde4 Rc8 16. b5 axb5 17. Nxb5 d5 18. cxd5 Bxa3 19. Nxa3 Nxe4 20. Qxe4 Nf6 21. Qf3 exd5 22. Nb5 Qe7 23. e3 Rc4 24. Rab1 Ra8 25. Rb2 g6 26. Nd4 Ra6 27. h3 Kg7 28. Qf4 h6 29. Rdb1 Rca4 30. Ra1 Qe4+ 31. f3 Qxf4 32. gxf4 Ra3 33. Kf2 Nd7 34. Nb5 R3a5 35. Nc7 Ra7 36. Nb5 R7a6 37. Nc3 d4 38. exd4 Nf6 39. a4 Ra8 40. Rxb6 Nh5 41. Rb5 Nxf4 42. Rxa5 Rxa5 43. Ke3 Nxh3 44. d5 Kf8 45. Kd4 Nf4 46. Kc4 Ke7 47. Kb4 Ra8 48. a5 Kd7 49. a6 Kd6 50. Nb5+ Kd7 51. d6 Nd3+ 52. Kc4 Ne5+ 53. Kc5 Rc8+ 54. Kb6 Nc4+ 55. Kb7 Rc5 56. Nd4 Nxd6+ 57. Kb6 Rc4 58. a7 Nc8+ 59. Kb5 Rxd4 60. a8=Q Nd6+ 61. Kc5 Rc4+ 62. Kd5 Rc7 63. Ra7 Nb5 64. Rb7 1-0


[Site "https://www.chess.com"]

[Event "Titled Tuesday Blitz October 25 Early 2022"]
[White "Bacrot, Etienne"]
[Black "Rorrer, Grayson"]
[WhiteFideId "605506"]
[BlackFideId "30944996"]
[WhiteElo "2666"]
[BlackElo "2130"]
[Result "0-1"]
[Round "07"]
[TimeControl "180+1"]
[Date "2022.10.25"]
[WhiteClock "0:00:12"]
[BlackClock "0:00:06"]

1. Nf3 Nf6 2. g3 d5 3. Bg2 c6 4. O-O Bg4 5. c4 e6 6. d3 dxc4 7. dxc4 Qxd1 8. Rxd1 Nbd7 9. Nc3 Be7 10. h3 Bh5 11. g4 Bg6 12. Bf4 Nc5 13. Ne5 O-O 14. Nxg6 hxg6 15. b4 Ncd7 16. a3 Nb6 17. c5 Nbd5 18. Be5 Nxc3 19. Bxc3 Nd5 20. Bd2 Bf6 21. Rac1 Rfd8 22. g5 Be5 23. e3 Kf8 24. Kf1 Ke7 25. Ke2 Bb2 26. Rc2 Be5 27. Rb1 a6 28. a4 Bc7 29. Be1 f6 30. h4 e5 31. b5 axb5 32. axb5 Ke6 33. b6 Bb8 34. Bd2 f5 35. e4 Nf4+ 36. Bxf4 exf4 37. exf5+ gxf5 38. h5 Ra3 39. Re1 Kf7 40. Kf1 Rd7 41. Rce2 f3 42. g6+ Kf6 43. Re6+ Kg5 44. Bh1 Rd2 45. R6e3 Rxe3 46. Rxe3 Rd1+ 47. Re1 Rxe1+ 48. Kxe1 Kxh5 49. Bxf3+ Kxg6 50. Ke2 Kf6 51. Kd3 Ke6 52. Kc4 Kd7 53. Bh5 g5 54. Bg6 Ke6 55. Be8 Ke7 56. Bg6 Ke6 57. Bh7 g4 58. Kd4 f4 59. Ke4 g3 60. fxg3 fxg3 61. Bf5+ Kf6 62. Bh3 Ke7 63. Kf3 Kd8 64. Bf5 Be5 65. Be4 Bd4 66. Bxc6 bxc6 67. b7 Kc7 68. b8=Q+ Kxb8 69. Kxg3 Bxc5 70. Kf3 Kc7 71. Ke4 Kb6 72. Kd3 Kb5 0-1


[Site "https://www.chess.com"]

[Event "Titled Tuesday Blitz October 25 Early 2022"]
[White "Bortnyk, Olexandr"]
[Black "Shipov, Sergei"]
[WhiteFideId "14120828"]
[BlackFideId "4113624"]
[WhiteElo "2723"]
[BlackElo "2723"]
[Result "1-0"]
[Round "07"]
[TimeControl "180+1"]
[Date "2022.10.25"]
[WhiteClock "0:00:10"]
[BlackClock "0:00:02"]

1. e4 e6 2. d4 d5 3. Nc3 Bb4 4. Qd3 Ne7 5. Bf4 O-O 6. a3 Ba5 7. O-O-O Nd7 8. Nf3 a6 9. Ng5 h6 10. h4 b5 11. exd5 hxg5 12. hxg5 Ng6 13. dxe6 Bxc3 14. exd7 Bxd7 15. bxc3 Qe7 16. Kb2 Rfe8 17. Bd2 c5 18. dxc5 Rad8 19. Qf3 Qxc5 20. Bd3 Be6 21. Rde1 Qd5 22. Qxd5 Bxd5 23. f3 Ne5 24. Bf4 Nxd3+ 25. cxd3 Rxe1 26. Rxe1 Be6 27. d4 Rc8 28. Bd6 Rd8 29. Be5 Rd5 30. g4 Rd8 31. Rg1 Rc8 32. f4 Bd5 33. f5 Be4 34. Rg3 Bd5 35. Re3 a5 36. Bd6 a4 37. g6 fxg6 38. fxg6 Bc4 39. Re7 Bd3 40. Be5 Kf8 41. Rf7+ Ke8 42. Rxg7 Rc6 43. Rg8+ Kd7 44. g7 Rg6 45. Ra8 Bc4 46. Ra7+ Kc6 47. Ra6+ Kd5 48. Rxg6 1-0


[Site "https://www.chess.com"]

[Event "Titled Tuesday Blitz October 25 Early 2022"]
[White "Dardha, Daniel"]
[Black "Jones, Gawain C B"]
[WhiteFideId "240990"]
[BlackFideId "409561"]
[WhiteElo "2528"]
[BlackElo "2657"]
[Result "1-0"]
[Round "07"]
[TimeControl "180+1"]
[Date "2022.10.25"]
[WhiteClock "0:00:15"]
[BlackClock "0:00:02"]

1. e4 c5 2. Nf3 g6 3. d4 cxd4 4. Nxd4 Bg7 5. c4 Nf6 6. Nc3 Nc6 7. Be3 d6 8. Be2 O-O 9. O-O Bd7 10. Nc2 Qa5 11. f3 Rfc8 12. Qd2 Ne5 13. b3 b5 14. b4 Qc7 15. c5 Nc4 16. Bxc4 bxc4 17. cxd6 exd6 18. Bd4 Be6 19. Ne3 Qb7 20. a3 a5 21. b5 a4 22. Rfd1 h5 23. Rab1 Re8 24. Qb2 Qe7 25. b6 Bh6 26. Kh1 h4 27. Nb5 Nh5 28. Nc7 c3 29. Qxc3 Ng3+ 30. hxg3 hxg3 31. Bf6 Qf8 32. Kg1 Rac8 33. Bh4 Bf4 34. Nf1 Bb3 35. Bxg3 Bxg3 36. Nxg3 Bxd1 37. Rxd1 Re5 38. Qd4 Rg5 39. Nd5 f6 40. Nxf6+ Kf7 41. Ng4 Qg7 42. Qxg7+ Kxg7 43. Rxd6 Rb5 44. Rd7+ Kf8 45. b7 Rb8 46. Rd4 R8xb7 47. Rxa4 Rb1+ 48. Nf1 Rc7 49. Ra6 Kg7 50. Ne3 Rc3 51. Kf2 Ra1 52. a4 Ra2+ 53. Kg3 Rca3 54. Ra7+ Kg8 55. Ng4 Rxa4 56. Rc7 Kf8 57. Nfe3 Ra7 58. Rc8+ Kg7 59. Nd5 Rb7 60. e5 Rbb2 61. Rc7+ Kf8 62. Nge3 Ra6 63. Kf4 Rb5 64. Rc8+ Kf7 65. Rc7+ Kf8 66. Nf6 Ra4+ 67. Kg5 Rxe5+ 68. Kxg6 Ra7 69. Nh7+ Kg8 70. Rxa7 Rxe3 71. Nf6+ Kf8 72. Rf7# 1-0


[Site "https://www.chess.com"]

[Event "Titled Tuesday Blitz October 25 Early 2022"]
[White "Dubov, Daniil"]
[Black "Oparin, Grigoriy"]
[WhiteFideId "24126055"]
[BlackFideId "24125890"]
[WhiteElo "2791"]
[BlackElo "2639"]
[Result "1-0"]
[Round "07"]
[TimeControl "180+1"]
[Date "2022.10.25"]
[WhiteClock "0:00:05"]
[BlackClock "0:00:08"]

1. e4 e5 2. Nf3 Nc6 3. d4 exd4 4. Nxd4 Bc5 5. Nb3 Bb6 6. Nc3 d6 7. Qe2 a5 8. a4 Nf6 9. Be3 Bxe3 10. Qxe3 O-O 11. O-O-O Nb4 12. f3 Re8 13. g4 Be6 14. Nd4 Nd7 15. g5 Nc5 16. h4 Bd7 17. h5 Ne6 18. f4 Nxd4 19. Qxd4 Qe7 20. h6 f6 21. hxg7 fxg5 22. Bc4+ Be6 23. Bxe6+ Qxe6 24. f5 Qe5 25. Qxe5 Rxe5 26. f6 Re6 27. Rdf1 Kf7 28. Rxh7 Rg8 29. Rh8 Ree8 30. Rxg8 Rxg8 31. Nb5 Na6 32. Nd4 Nc5 33. e5 dxe5 34. Nf5 Kxf6 35. Nh6+ Kxg7 36. Nxg8 Kxg8 37. Rf5 Nxa4 38. Rxe5 b6 39. Re7 c5 40. b3 Nc3 41. Kd2 Nd5 42. Re5 Nc7 43. Kd3 Kf7 44. Rxg5 Ke7 45. Ke4 Kd7 46. Rg6 b5 47. Ke5 a4 48. bxa4 bxa4 49. Rg4 Kc6 50. Rxa4 Kb5 51. Ra7 Na6 52. c4+ Kb6 53. Ra8 Kb7 54. Rh8 Kb6 55. Kd6 Nb4 56. Rb8+ Ka7 57. Rb5 Nd3 58. Rxc5 1-0


[Site "https://www.chess.com"]

[Event "Titled Tuesday Blitz October 25 Early 2022"]
[White "Eljanov, Pavel"]
[Black "Kuderinov, Kirill"]
[WhiteFideId "14102951"]
[BlackFideId "13701568"]
[WhiteElo "2601"]
[BlackElo "2465"]
[Result "1-0"]
[Round "07"]
[TimeControl "180+1"]
[Date "2022.10.25"]
[WhiteClock "0:00:16"]
[BlackClock "0:00:01"]

1. e4 c5 2. Nf3 Nc6 3. Bb5 g6 4. Bxc6 dxc6 5. d3 Bg7 6. h3 Nf6 7. Nc3 O-O 8. Bf4 Nd7 9. e5 Re8 10. h4 Nb6 11. Qd2 Nd5 12. Bh6 Nxc3 13. Bxg7 Kxg7 14. Qxc3 Qd5 15. Ng5 Qd4 16. h5 Qxc3+ 17. bxc3 h6 18. Ne4 b6 19. hxg6 fxg6 20. c4 Rf8 21. Ng3 Be6 22. a4 h5 23. f3 Rab8 24. Kd2 Rf4 25. Kc3 Rh8 26. Ne4 Rf5 27. a5 Rxe5 28. axb6 axb6 29. Ra7 Bf5 30. Rb1 Bxe4 31. fxe4 Rb8 32. Ra6 Rg5 33. Ra7 Rxg2 34. Rxe7+ Kh6 35. Rh1 Rf2 36. Re6 Rc8 37. Rg1 Rg8 38. Rxc6 h4 39. Rh1 Kh5 40. Rxb6 g5 41. Rc6 Rf3 42. Rxc5 h3 43. Rc7 g4 44. c5 Rh8 45. c6 Kh4 46. Rg7 Rf6 47. c7 Rc6+ 48. Kb4 Rxc2 49. d4 g3 50. d5 g2 51. Rxg2 Rxg2 52. d6 Rd2 53. e5 Kg3 54. Kc5 Kg2 55. Re1 h2 56. e6 Rc2+ 57. Kd5 Rd2+ 58. Kc6 h1=Q 59. Rxh1 Rxh1 60. e7 Rc1+ 61. Kd7 Rcd1 62. e8=Q Rxd6+ 63. Kc8 R6d5 64. Qe2+ Kg3 65. Kb7 1-0


[Site "https://www.chess.com"]

[Event "Titled Tuesday Blitz October 25 Early 2022"]
[White "Fernandez Guillen, Ernesto J."]
[Black "Milikow, Yoav"]
[WhiteFideId "3512428"]
[BlackFideId "2822237"]
[WhiteElo "2422"]
[BlackElo "2341"]
[Result "1-0"]
[Round "07"]
[TimeControl "180+1"]
[Date "2022.10.25"]
[WhiteClock "0:02:57"]
[BlackClock "0:01:35"]

1. e4 e5 2. Nf3 Nc6 3. d4 exd4 4. Bc4 Nf6 5. O-O Nxe4 6. Re1 d5 7. Bxd5 Qxd5 8. Nc3 Qa5 9. Nxe4 Be6 10. Bd2 Qd5 11. Bg5 h6 12. Bf6 Qf5 13. Nxd4 Nxd4 14. Qxd4 c5 15. Qa4+ Bd7 16. Nd6# 1-0


[Site "https://www.chess.com"]

[Event "Titled Tuesday Blitz October 25 Early 2022"]
[White "Firouzja, Alireza"]
[Black "Korchmar, Vasiliy"]
[WhiteFideId "12573981"]
[BlackFideId "24131750"]
[WhiteElo "2903"]
[BlackElo "2370"]
[Result "1-0"]
[Round "07"]
[TimeControl "180+1"]
[Date "2022.10.25"]
[WhiteClock "0:02:49"]
[BlackClock "0:00:01"]

1. d4 d5 2. Bg5 Nf6 3. e3 g6 4. Bxf6 exf6 5. Nf3 Bd6 6. c4 dxc4 7. Bxc4 O-O 8. Nc3 c6 9. O-O Nd7 10. Be2 f5 11. Rc1 Nf6 12. Qc2 Qe7 13. h3 Be6 14. Bd3 Kg7 15. a3 a5 16. Rfe1 Rfd8 17. e4 fxe4 18. Nxe4 Nxe4 19. Bxe4 Qf6 20. Qc3 Bc7 21. Rcd1 a4 22. Re2 Bb3 23. Bc2 Bd5 24. Ne5 Qg5 25. f3 Qg3 26. Qe3 Re8 27. Qf2 Qf4 28. Rde1 f6 29. Ng4 Rxe2 30. Rxe2 h5 31. Ne3 Qh2+ 32. Kf1 Re8 33. Nf5+ Kf8 34. Rxe8+ Kxe8 35. Ne3 Bf7 36. Bxa4 Bf4 37. Ke2 Qh1 38. g3 Bh6 39. f4 Qxh3 40. d5 1-0


[Site "https://www.chess.com"]

[Event "Titled Tuesday Blitz October 25 Early 2022"]
[White "Gokerkan, Cem Kaan"]
[Black "Kosakowski, Jakub"]
[WhiteFideId "6336760"]
[BlackFideId "1185080"]
[WhiteElo "2365"]
[BlackElo "2463"]
[Result "1-0"]
[Round "07"]
[TimeControl "180+1"]
[Date "2022.10.25"]
[WhiteClock "0:00:12"]
[BlackClock "0:00:30"]

1. e4 c5 2. c3 d5 3. exd5 Qxd5 4. d4 Nf6 5. Nf3 Bg4 6. Be2 e6 7. h3 Bh5 8. O-O Nc6 9. Be3 cxd4 10. cxd4 Be7 11. Nc3 Qd6 12. Qb3 O-O 13. Rfd1 Rfd8 14. Rac1 a6 15. a3 b5 16. a4 Na5 17. Qc2 Rac8 18. axb5 axb5 19. Qb1 b4 20. Ne4 Qd5 21. Nxf6+ Bxf6 22. Rc5 Rxc5 23. dxc5 Qa8 24. Rxd8+ Qxd8 25. Qe4 b3 26. Bc1 Bg6 27. Qa4 h6 28. Bd2 Nb7 29. c6 Nc5 30. Qb5 Ne4 31. Ba5 Qc8 32. c7 Nd6 33. Qxb3 Be4 34. Qb6 Nb7 35. Ba6 Bd5 36. Qa7 1-0


[Site "https://www.chess.com"]

[Event "Titled Tuesday Blitz October 25 Early 2022"]
[White "Hasangatin, Ramil"]
[Black "Predke, Alexandr"]
[WhiteFideId "4122160"]
[BlackFideId "24107581"]
[WhiteElo "2358"]
[BlackElo "2614"]
[Result "1-0"]
[Round "07"]
[TimeControl "180+1"]
[Date "2022.10.25"]
[WhiteClock "0:00:57"]
[BlackClock "0:00:10"]

1. e4 c5 2. Nf3 e6 3. g3 Nc6 4. Bg2 Nf6 5. d3 Be7 6. O-O O-O 7. e5 Ng4 8. Re1 f6 9. exf6 Bxf6 10. Nc3 d5 11. h3 Nxf2 12. Kxf2 Bd4+ 13. Ke2 e5 14. Rf1 h6 15. Nh4 e4 16. Rxf8+ Qxf8 17. Qf1 Qe8 18. dxe4 Bxc3 19. bxc3 Bxh3 20. Bxh3 Qxe4+ 21. Kd1 Nb4 22. Bf5 Qe5 23. Qe1 1-0


[Site "https://www.chess.com"]

[Event "Titled Tuesday Blitz October 25 Early 2022"]
[White "Indjic, Aleksandar"]
[Black "Bryakin, Mikhail"]
[WhiteFideId "911925"]
[BlackFideId "4165314"]
[WhiteElo "2592"]
[BlackElo "2367"]
[Result "1-0"]
[Round "07"]
[TimeControl "180+1"]
[Date "2022.10.25"]
[WhiteClock "0:00:32"]
[BlackClock "0:00:02"]

1. d4 Nf6 2. c4 Nc6 3. Nf3 e6 4. a3 d5 5. Nc3 a6 6. cxd5 exd5 7. Bg5 Be7 8. e3 h6 9. Bxf6 Bxf6 10. Bd3 O-O 11. Qc2 Ne7 12. h4 c6 13. Ng5 Re8 14. Nf3 Be6 15. Bh7+ Kf8 16. Bd3 Qd7 17. O-O-O Bf5 18. Rhg1 Bxd3 19. Rxd3 Qg4 20. Na4 Nf5 21. Nc5 Re7 22. Rb3 Ra7 23. Kb1 Kg8 24. Nd3 Nxh4 25. Nxh4 Qxh4 26. Qc5 Ra8 27. Qd6 Rae8 28. Ka2 Re6 29. Qc5 R6e7 30. Qd6 Re6 31. Qc5 R6e7 32. g3 Qg4 33. Rc1 Qf5 34. Qc3 Qf3 35. Qd2 Qf5 36. Nc5 Qc8 37. Rb6 Rc7 38. Rc3 Ree7 39. Rcb3 h5 40. Nxa6 Rcd7 41. Nc5 Rc7 42. Qe2 g6 43. Qf3 Kg7 44. Qf4 Qa8 45. R6b4 b5 46. Rc3 Qc8 47. Rc1 Qg4 48. Qxg4 hxg4 49. Nd3 Red7 50. Rb3 Rc8 51. Rxb5 cxb5 52. Rxc8 Ra7 53. Kb3 Rb7 54. Rc5 Be7 55. Rxd5 f5 56. Re5 Kf6 57. Nf4 Kf7 58. Rd5 Rc7 59. Rxb5 Rc1 60. Nd3 Bf6 61. Nxc1 1-0


[Site "https://www.chess.com"]

[Event "Titled Tuesday Blitz October 25 Early 2022"]
[White "Jobava, Baadur"]
[Black "Perez Ponsa, Federico"]
[WhiteFideId "13601520"]
[BlackFideId "117927"]
[WhiteElo "2582"]
[BlackElo "2604"]
[Result "1-0"]
[Round "07"]
[TimeControl "180+1"]
[Date "2022.10.25"]
[WhiteClock "0:01:00"]
[BlackClock "0:00:50"]

1. e4 c5 2. c3 Nf6 3. e5 Nd5 4. Nf3 d6 5. exd6 Qxd6 6. Na3 a6 7. Nc4 Qd8 8. a4 Nc6 9. d4 e6 10. Be2 cxd4 11. Nxd4 Nxd4 12. Qxd4 Qc7 13. O-O Bd7 14. Bf3 Bc6 15. Ne5 Rd8 16. Nxc6 bxc6 17. a5 c5 18. Qa4+ Qd7 19. Rd1 Be7 20. Qc4 Qd6 21. Qf1 c4 22. Qxc4 O-O 23. Qf1 Qe5 24. Qxa6 Bd6 25. g3 Nxc3 26. bxc3 Qxc3 27. Be3 1-0


[Site "https://www.chess.com"]

[Event "Titled Tuesday Blitz October 25 Early 2022"]
[White "Kozak, Antoni"]
[Black "Wirig, Anthony"]
[WhiteFideId "21832030"]
[BlackFideId "615013"]
[WhiteElo "2439"]
[BlackElo "2474"]
[Result "1-0"]
[Round "07"]
[TimeControl "180+1"]
[Date "2022.10.25"]
[WhiteClock "0:00:52"]
[BlackClock "0:00:01"]

1. Nf3 c5 2. c4 g6 3. Nc3 Bg7 4. g3 Nc6 5. Bg2 d6 6. O-O Bf5 7. b3 Qd7 8. Bb2 Bh3 9. d3 h5 10. Qd2 Bxg2 11. Kxg2 Nh6 12. h4 O-O 13. Ne4 e5 14. Qxh6 f5 15. Qxg6 fxe4 16. Ng5 Rf6 17. Qh7+ Kf8 18. Qxe4 Kg8 19. Qh7+ Kf8 20. Qxh5 Rh6 21. Qf3+ Kg8 22. Qd5+ Kf8 23. f4 e4 24. Bxg7+ Kxg7 25. Nxe4 Re8 26. e3 b6 27. h5 Kh8 28. Qg5 Rh7 29. Nf6 Qf7 30. Nxe8 Qxe8 31. Qf6+ Kg8 32. Qg5+ Rg7 33. Qd5+ Kh8 34. h6 Rg6 35. Rae1 Nb4 36. Qf5 Kh7 37. a3 Nc6 38. Qe4 Qd7 39. f5 Rf6 40. g4 d5 41. cxd5 1-0


[Site "https://www.chess.com"]